Map: King's Cove LE

Players

BratOK (Brat_OK) - Winner!

  • Race: Terran Terran
  • Spawn Location: 11:00

Spazymazy

  • Race: Zerg Zerg
  • Spawn Location: 5:00

Event: 2019 WCS Summer

VOD

Have the link to the VOD?

Description

Time

  • Played on: July 12, 2019, 7:12 a.m.
  • Length: 7:23

All games in this series

Show
View Real Time Build Order
Export as new Build Order

BratOK Terran - Winner!

Build Orders: Reaper Expand 

Get SALT Encoding   

  12  0:00  SCV  
  13  0:12  SCV  
  14  0:17  Supply Depot  
  14  0:25  SCV  
  15  0:39  SCV  
  15  0:40  Barracks  
  16  0:44  Refinery  
  16  0:51  SCV  
  17  1:03  SCV  
  18  1:15  SCV  
  19  1:28  Orbital Command, Reaper  
  20  1:41  Command Center  
  20  1:49  Supply Depot  
  20  1:53  SCV  
  21  1:59  Marine  
  22  2:05  SCV  
  23  2:13  Factory  
  23  2:18  SCV  
  23  2:19  Refinery  
  23  2:21  Barracks Reactor  
  23  2:31  SCV  
  24  3:00  Starport  
  24  3:04  SCV  
  25  3:06  Barracks Tech Lab  
  25  3:07  Hellion x2  
  29  3:16  SCV  
  29  3:17  Orbital Command  
  30  3:25  Marauder  
  32  3:28  Hellion x2  
  32  3:29  SCV  
  37  3:38  Viking  
  39  3:43  SCV  
  39  3:45  Supply Depot  
  40  3:52  Marauder  
  43  3:55  Hellion  
  43  3:59  SCV x2  
  45  4:04  Concussive Shells  
  45  4:08  Medivac  
  45  4:09  Supply Depot  
  47  4:11  SCV  
  50  4:17  Marauder  
  50  4:18  Hellion  
  52  4:28  SCV  
  53  4:34  Hellion  
  55  4:39  Hellion, SCV, Supply Depot  
  55  4:44  Liberator  
  58  4:48  SCV  
  58  4:51  SCV  
  60  4:55  Hellion  
  62  5:01  Hellion  
  62  5:02  Supply Depot  
  62  5:05  SCV  
  68  5:21  Command Center  
  68  5:22  Hellion  
  68  5:24  Hellion  
  72  5:29  SCV  
  71  5:36  SCV  
  71  5:41  SCV  
  71  5:42  Factory  
  73  5:46  Factory  
  73  5:48  Hellion x2  
  75  5:53  SCV  
  76  6:01  SCV  
  76  6:03  Armory  
  72  6:04  Refinery  
  72  6:05  Refinery  
  72  6:07  SCV  
  73  6:13  SCV  
  73  6:15  Supply Depot  
  74  6:19  SCV  
  74  6:24  Hellion  
  74  6:25  Starport Tech Lab  
  77  6:27  SCV  
  77  6:33  Hellion  
  77  6:38  Hellion  
  81  6:44  SCV  
  81  6:45  Orbital Command  
  76  7:02  SCV  
Show
View Real Time Build Order
Export as new Build Order

Spazymazy Zerg 

Build Orders: Pool First 

Get SALT Encoding   

  12  0:02  Drone  
  13  0:13  Overlord  
  13  0:19  Drone  
  14  0:32  Drone x2  
  16  0:42  Spawning Pool  
  15  0:46  Drone  
  16  0:50  Drone  
  17  1:12  Hatchery  
  17  1:15  Drone  
  17  1:19  Extractor  
  16  1:29  Zergling x6  
  19  1:35  Queen  
  21  1:46  Overlord  
  21  1:52  Drone  
  22  2:05  Drone  
  23  2:11  Queen  
  25  2:25  Metabolic Boost, Drone  
  25  2:26  Drone x2  
  28  2:35  Drone x2  
  28  2:57  Hatchery  
  26  2:59  Overlord  
  26  3:00  Drone x2  
  28  3:06  Overlord  
  28  3:11  Zergling x6  
  31  3:17  Drone  
  32  3:26  Drone x4  
  36  3:31  Drone  
  37  3:38  Drone  
  37  3:43  Drone x2  
  37  3:44  Overlord  
  37  3:46  Drone x2  
  41  3:58  Drone x3  
  41  4:01  Drone x2  
  41  4:02  Extractor  
  45  4:04  Queen  
  47  4:14  Drone, Queen  
  47  4:15  Drone  
  51  4:21  Overlord  
  51  4:22  Drone x2  
  53  4:24  Drone  
  53  4:31  Baneling Nest  
  53  4:32  Spore Crawler  
  53  4:33  Spore Crawler  
  53  4:35  Drone  
  53  4:36  Drone  
  50  4:38  Zergling x2  
  50  4:40  Zergling x2  
  50  4:44  Evolution Chamber  
  50  4:45  Drone x2, Evolution Chamber  
  53  4:48  Spore Crawler  
  51  4:53  Drone x3  
  51  4:56  Zergling x4  
  56  5:00  Drone x2  
  56  5:02  Overlord  
  58  5:09  Overlord  
  58  5:11  Zerg Melee Weapons Level 1  
  58  5:18  Baneling x2  
  58  5:19  Baneling x6, Zergling x2  
  58  5:20  Zergling x2  
  58  5:25  Zergling x4  
  58  5:26  Zergling x4  
  56  5:30  Zergling x2  
  56  5:31  Zergling x4  
  56  5:35  Zergling x4  
  56  5:36  Zergling x2  
  58  5:44  Drone  
  58  5:45  Drone x3  
  58  5:46  Zergling x2  
  58  5:47  Zergling x2  
  51  5:57  Zergling x6  
  51  5:58  Zergling x2  
  51  6:00  Zergling x8  
  55  6:05  Zergling x4  
  55  6:09  Baneling x7  
  55  6:14  Zergling x4  
  55  6:15  Zergling x2  
  55  6:16  Baneling x2  
  55  6:17  Baneling x2  
  53  6:23  Queen  
  53  6:29  Drone x2  
  53  6:32  Drone x2  
  47  6:44  Drone  
  47  6:45  Drone x2  
  47  6:46  Queen  
  50  6:57  Drone x2, Extractor  
  50  7:04  Zergling x2  
Tags
 
Add a new tag
Caveats
  • Supply blocks, unpowered buildings, or Contaminate may cause inaccurate times.
  • Supply counts are checked every 10 seconds.